 Dungeon Crawl Stone Soup version 0.29-a0-330-g52719c12eb (webtiles) character file.

Game seed: 3115022396171193392

361 kae the Firebug (level 6, 0/48 HPs)
             Began as a Demigod Fire Elementalist on May 30, 2022.
             Slain by Pikel
             ... wielding a +1 whip of freezing
              (3 damage)
             ... on level 4 of the Dungeon.
             The game lasted 00:03:23 (5014 turns).

kae the Firebug (Demigod Fire Elementalist)         Turns: 5014, Time: 00:03:24

Health: 0/48       AC:  5    Str:  9    XL:     6   Next: 15%
Magic:  3/13       EV: 12    Int: 25    God:
Gold:   192        SH:  0    Dex: 14    Spells: 4/10 levels left

rFire   . . .      SeeInvis .   y - +2 dagger (elec)
rCold   . . .      Faith    .   (no shield)
rNeg    . . .      Spirit   .   a - +0 robe
rPois   +          Reflect  .   (no helmet)
rElec   .          Harm     .   (no cloak)
rCorr   .          Rampage  .   b - +1 pair of gloves
Will    +....                   w - +0 pair of boots
Stlth   ++........              (no amulet)
HPRegen 0.16/turn               l - ring of poison resistance
MPRegen 0.13/turn               j - ring of willpower

@: about to teleport
A: high MP 1, forlorn, divine attributes
a: no special abilities


You were on level 4 of the Dungeon.
You visited 1 branch of the dungeon, and saw 4 of its levels.

You collected 192 gold pieces.

Inventory:

Hand Weapons
 d - a +0 dagger
 f - a +0 dagger of electrocution
 y - a +2 dagger of electrocution (weapon)
Armour
 a - a +0 robe (worn)
 b - a +1 pair of gloves (worn)
 w - a +0 pair of boots (worn)
Jewellery
 i - a ring of protection from fire
 j - a ring of willpower (right hand)
 l - a ring of poison resistance (left hand)
Wands
 e - a wand of paralysis (2)
Scrolls
 c - a scroll of fog
 g - a scroll of vulnerability
 h - a scroll of magic mapping
 r - a scroll of immolation
 s - a scroll of teleportation
 x - a scroll of brand weapon
Potions
 k - a potion of cancellation
 m - 2 potions of flight {unknown}
 n - 2 potions of heal wounds
 o - a potion of brilliance
 t - a potion of resistance {unknown}
 v - 2 potions of ambrosia {unknown}
 z - a potion of lignification {unknown}
 B - a potion of curing {unknown}


   Skills:
 + Level 2.0 Fighting
 - Level 1.7 Dodging
 - Level 1.7 Stealth
 + Level 2.8 Spellcasting
 * Level 3.4 Conjurations
 * Level 4.4 Fire Magic


You had 4 spell levels left.
You knew the following spells:

 Your Spells              Type           Power      Damage    Failure   Level
a - Foxfire               Conj/Fire      92%        2x1d8     1%          1
b - Scorch                Fire           50%        2d7       2%          2
c - Conjure Flame         Conj/Fire      23%        6-21      6%          3

Your spell library contained the following spells:

 Spells                   Type           Power      Damage    Failure   Level
 Slow                     Hex            12%        N/A       11%         1
 Inner Flame              Hex/Fire       14%        N/A       12%         3
 Ignite Poison            Fire/Tmut/Pois 10%        N/A       17%         3
 Mephitic Cloud           Conj/Pois/Air  9%         N/A       19%         3
 Flame Wave               Conj/Fire      23%        2d7       21%         4
 Sticky Flame             Conj/Fire      23%        2d4       21%         4
 Confusing Touch          Hex            3%         N/A       30%         3
 Vampiric Draining        Necr           3%         2d6       30%         3
 Freezing Cloud           Conj/Ice/Air   4%         6-21      87%         5


Dungeon Overview and Level Annotations

Branches:
Dungeon (4/15)
 Temple: D:4-7

Annotations:
D:3 dezertu's ghost, amateur PaHu
D:4 Edmund; Eustachio; Pikel


Innate Abilities, Weirdness & Mutations

You have an increased reservoir of magic. (+10% MP)
You shall have no god before yourself.
Your divine heritage dramatically boosts your attributes as you level up.


Message History

Pikel is lightly wounded.
The foxfire hits Pikel.
Pikel is lightly wounded.
Pikel closely misses you.
You hit Pikel but do no damage.
Pikel is lightly wounded.
Pikel hits you with a +1 whip of freezing.
Pikel freezes you.
You hit Pikel but do no damage.
Pikel is lightly wounded.
Pikel says, "You'll feel the lick of my whip!"
Pikel hits you with a +1 whip of freezing!
Pikel freezes you.
You hit Pikel.
Pikel is moderately wounded.
Pikel barely misses you.
You hit Pikel but do no damage.
Pikel is moderately wounded.
Pikel barely misses you.
Your magical contamination has completely faded away.
You hit Pikel.
Pikel is moderately wounded.
Pikel hits you with a +1 whip of freezing.
Pikel freezes you.
Pikel hits you with a +1 whip of freezing!
* * * LOW HITPOINT WARNING * * *
Pikel freezes you.
* * * LOW HITPOINT WARNING * * *
Okay, then.
As you read the scroll of teleportation, it crumbles to dust.
You feel strangely unstable.
Pikel hits you with a +1 whip of freezing.
* * * LOW HITPOINT WARNING * * *
Pikel freezes you.
* * * LOW HITPOINT WARNING * * *
Pikel attacks as you move away!
Pikel hits you with a +1 whip of freezing!
* * * LOW HITPOINT WARNING * * *
Pikel freezes you.
You die...

#####
###########...# ###
#......55.5...#
....#.#########.5.#
K.5...# ##K##
#†....# #@# ##...##
#.# ....# #.# ###.
#.# #. #.# #+ #.#
##@..## #.#
#...$.## ####.#
.......## ##....#


You could see Pikel and 2 lemures.

Vanquished Creatures
  Grinder (D:3)
  A lemure (D:4)
  A jelly (D:3)
  Terence (D:2)
  4 adders
  2 worms (D:2)
  4 dart slugs
  4 orcs (D:3)
  5 ball pythons
  7 endoplasms
  4 giant cockroaches
  5 goblins
  8 hobgoblins
  2 jackals (D:3)
  4 kobolds
  2 quokkas
  3 bats
  4 frilled lizards
  2 rats (D:3)
64 creatures vanquished.

Vanquished Creatures (others)
  237 foxfires
237 creatures vanquished.

Grand Total: 301 creatures vanquished

Notes
Turn   | Place    | Note
-------+----------+-------------------------------------------
     0 | D:1      | kae the Demigod Fire Elementalist began the quest for the
                  | Orb.
     0 | D:1      | Reached XP level 1. HP: 14/14 MP: 5/5
    53 | D:1      | Reached skill level 1 in Conjurations
   323 | D:1      | Reached XP level 2. HP: 15/20 MP: 1/7
   479 | D:1      | Reached skill level 3 in Fire Magic
   651 | D:1      | Learned a level 2 spell: Scorch
  1216 | D:2      | Reached XP level 3. HP: 15/27 MP: 1/8
  1720 | D:2      | Reached skill level 1 in Fighting
  2060 | D:2      | Noticed Terence
  2071 | D:2      | Killed Terence
  2072 | D:2      | Reached XP level 4. HP: 23/35 MP: 1/10
  2856 | D:3      | Learned a level 3 spell: Conjure Flame
  3485 | D:3      | Noticed dezertu's ghost (amateur PaHu)
  3486 | D:3      | Found a transporter.
  3567 | D:4      | Noticed Grinder
  3569 | D:4      | Noticed Edmund
  3598 | D:3      | Noticed an ogre
  3770 | D:3      | Noticed an ogre
  3770 | D:3      | Found a transporter.
  4002 | D:4      | Paralysed by Grinder for 3 turns
  4019 | D:3      | Killed Grinder
  4020 | D:3      | Reached skill level 4 in Fire Magic
  4020 | D:3      | Reached XP level 5. HP: 9/41 MP: 9/12
  4020 | D:3      | Reached XP level 6. HP: 10/48 MP: 9/13
  4864 | D:4      | Noticed Eustachio
  4971 | D:4      | Noticed Pikel
  5014 | D:4      | Slain by Pikel

Illustrated notes

Levels and vault maps discovered:
D:1:      mrwooster_arrival_statue_2, layout_loops_ring,
          ebering_ecumenical_altar_webs, minmay_tiny_reverse_x
D:2:      layout_basic, uniq_terence
D:3:      layout_rooms, serial_glass, glass_columns_a, glass_columns_b,
          glass_columns_b, glass_columns_a, gammafunk_ghost_smash
D:4:      layout_loops_corners, uniq_natasha, uniq_pikel, uniq_grinder,
          uniq_eustachio, uniq_edmund

Skill      XL: |  1  2  3  4 |
---------------+-------------+-----
Conjurations   | 1 2 3 |  3.4
Spellcasting   | 2 |  2.8
Fire Magic     | 3 4 |  4.4
Fighting       | 1 2 |  2.0
Dodging        | |  1.7
Stealth        | |  1.7

Action                   |  1- 3 |  4- 6 || total
-------------------------+-------+-------++-------
Melee: Unarmed           |     4 |       ||     4
       Dagger            |     4 |    19 ||    23
 Cast: Foxfire           |    61 |    95 ||   156
       Scorch            |     8 |    10 ||    18
       Conjure Flame     |       |     4 ||     4
  Use: Scroll            |       |    15 ||    15
       Potion            |       |     2 ||     2
Armor: Robe              |     2 |     6 ||     8
Dodge: Dodged            |    13 |    29 ||    42

Table legend: (Time is in decaauts)
 A = Elapsed time spent in this place.
 B = Non-inter-level travel time spent in this place.
 C = Inter-level travel time spent in this place.
 D = Time resting spent in this place.
 E = Time spent auto-exploring this place.
 F = Levels seen in this place.
 G = Mean time per level.
                   A        B        C        D        E       F      G
               +--------+--------+--------+--------+--------+-----+--------+
         Total |   4996 |   4693 |    303 |    387 |   3604 |   4 | 1249.0 |
       Dungeon |   4996 |   4693 |    303 |    387 |   3604 |   4 | 1249.0 |
               +--------+--------+--------+--------+--------+-----+--------+

Top non-repeatable levels by time:
     D:3: 1821 daAuts
     D:2: 1425 daAuts
     D:1: 1197 daAuts
     D:4: 552 daAuts
